[Event "*** Titled Tuesday Blitz"]
[Site "Chess.com"]
[Date "2021.02.16"]
[Round "11"]
[White "LileKoridze"]
[Black "geordie_derraugh"]
[Result "0-1"]
[WhiteElo "2363"]
[BlackElo "2463"]
[TimeControl "180+1"]
[EndTime "12:10:43 PST"]
[Termination "geordie_derraugh won on time"]

1. d4 Nf6 2. c4 e6 3. Nf3 Bb4+ 4. Bd2 a5 5. g3 O-O 6. Bg2 d5 7. O-O dxc4 8. Bg5 b5 9. Ne5 Ra7 10. a4 Bb7 11. axb5 Bxg2 12. Kxg2 Qd5+ 13. Kg1 Qxb5 14.
Qc2 Nfd7 15. Qxc4 Rb7 16. Qxb5 Rxb5 17. Nxd7 Nxd7 18. Be3 Be7 19. Nc3 Rxb2 20. Rxa5 Bb4 21. Nd1 Rxe2 22. Ra7 Bd6 23. Nc3 Rc2 24. Ne4 Nf6 25.
Nxf6+ gxf6 26. Rb1 Kg7 27. Rb5 Rd8 28. Rh5 Rb8 29. Kg2 Rb3 30. Kf3 Rc4 31. Rh4 f5 32. Rh5 Rxd4 33. Rg5+ Kf6 34. Rg8 f4 35. gxf4 Rxf4+ 36. Kg2 Rf5 37. Bd4+ e5 38. Be3 Rb2 39. Ra4 Rc2 40.
Rag4 Bc5 41. Bg5+ Ke6 42. Re8+ Kd7 43. Rd8+ Kc6 44. Kh3 Rcxf2 45. Bc1 R2f3+ 46. Kh4 Be7+ 0-1

[Event "*** Titled Tuesday Blitz"]
[Site "Chess.com"]
[Date "2021.02.16"]
[Round "11"]
[White "bazar-wokzal"]
[Black "JoliyRoger"]
[Result "1-0"]
[WhiteElo "2557"]
[BlackElo "2420"]
[TimeControl "180+1"]
[EndTime "12:10:44 PST"]
[Termination "bazar-wokzal won on time"]

1. e4 c6 2. d4 d5 3. e5 Bf5 4.
Nc3 Qb6 5. g4 Bd7 6. f4 e6 7.
Nf3 c5 8. Ne2 h5 9. gxh5 Rxh5 10.
Ng3 Rh8 11. c3 Nc6 12. a3 g6 13. b4 cxd4 14. cxd4 Nh6 15. Be3 Be7 16. Bd3 a5 17. b5 Na7 18. a4 O-O-O 19. Ke2 Bb4 20. Bd2 Bxd2 21. Qxd2 Kb8 22. Rac1 Nc8 23. Rc5 Ne7 24.
h4 Rc8 25. Qc3 Qa7 26. b6 Qxb6 27. Rb1 Rxc5 28. dxc5 Qa7 29. Nd4 Rc8 30. Nb3 Bxa4 31. Nxa5 Rc7 32. Qb4 Bc6 33. h5 gxh5 34. Nxh5 Nhf5 35. Nf6 d4 36. Bxf5 Nxf5 37. Rg1 Qa6+ 38. Kd2 Rc8 39. Rb1 Ne7 40. Nxc6+ Nxc6 41. Qb6 Qa2+ 42. Rb2 Qa7 43. Nd7+ Ka8 44. Qxa7+ Kxa7 45. Ra2+ 1-0

[Event "*** Titled Tuesday Blitz"]
[Site "Chess.com"]
[Date "2021.02.16"]
[Round "11"]
[White "kuban1991"]
[Black "lachesisQ"]
[Result "0-1"]
[WhiteElo "2913"]
[BlackElo "3064"]
[TimeControl "180+1"]
[EndTime "12:10:45 PST"]
[Termination "lachesisQ won by resignation"]

1. Nf3 g6 2. e4 Bg7 3. d4 d6 4.
Nc3 a6 5. Be3 b5 6. Qd2 Bb7 7. Bd3 Nd7 8. h4 h6 9. O-O-O Nb6 10. e5 e6 11. Ne4 Bxe4 12. Bxe4 d5 13. Bd3 Nc4 14. Qe2 Ne7 15. h5 g5 16. Nh2 c5 17.
Ng4 Qa5 18. Kb1 Nc6 19. c3 Nxe3 20. fxe3 c4 21. Bc2 b4 22. Qd2 Rb8 23. cxb4 Rxb4 24.
Qc3 Ke7 25. a3 Rb6 26. Qxa5 Nxa5 27. Ka2 Rhb8 28. Rb1 Nb3 29. Rhd1 a5 30. e4 Rd8 31. Ne3 a4 32. exd5 exd5 33. Nf5+ Kf8 34. Bxb3 axb3+ 35.
Ka1 Kg8 36. Rbc1 Bf8 37. Kb1 Ra8 38. Ne3 Rb5 39. Rf1 Bxa3 40. bxa3 Rxa3 41. Kb2 Ra2+ 42. Kc3 b2 43. Rb1 Ra3+ 44. Kd2 Rd3+ 45. Ke2 Rxd4 46. Nf5 Re4+ 47. Kd2 d4 48. Nd6 c3+ 49. Kd3 Re3+ 50.
Kxd4 Rbxe5 51. Nc4 R5e4+ 52. Kd5 Re2 53. Na3 Ra4 54.
Nc4 Rxg2 55. Kc5 c2 56. Rxb2 Rxc4+ 57. Kxc4 c1=Q+ 58. Rxc1 Rxb2 59. Kd4 Rh2 60. Ke5 Kg7 0-1

[Event "*** Titled Tuesday Blitz"]
[Site "Chess.com"]
[Date "2021.02.16"]
[Round "11"]
[White "Nikolakis2014"]
[Black "MaevskiyNikolay"]
[Result "1-0"]
[WhiteElo "2655"]
[BlackElo "2525"]
[TimeControl "180+1"]
[EndTime "12:10:45 PST"]
[Termination "Nikolakis2014 won by resignation"]

1. Nf3 Nf6 2. c4 c6 3. d4 d5 4. Nc3 dxc4 5. e4 b5 6. Be2 b4 7. Na4 Nxe4 8. Bxc4 e6 9. O-O Be7 10. Re1 Nf6 11. Bg5 Nbd7 12. Bd3 a5 13. Rc1 Bb7 14.
Ne5 Rc8 15. Qb3 O-O 16. Bb1 c5 17. Bxf6 Nxf6 18. dxc5 Bd5 19. Qh3 h6 20. Qe3 Qc7 21. Nb6 Rcd8 22. Nxd5 Rxd5 23. c6 Bd6 24. f4 Rc8 25. h3 Qe7 26. Kh1 Rc7 27. Qf3 Rc5 28. Rxc5 Bxc5 29. Qd3 Bd6 30. Rd1 Bc5 31. Qd8+ Ne8 32.
Rd7 Rxd7 33. Qxd7 Kf8 34. Qd3 Qa7 35. Nd7+ Ke7 36. f5 Bd6 37. fxe6 fxe6 38. Qf3 Qc5 39. Nxc5 Bxc5 40. Bg6 Nf6 41. Qf4 Bd6 42. Qc4 Nd5 43. Qb5 Nc7 44. Qb7 e5 45. Bd3 g5 46. Qb6 Ke6 47. Qf2 Nd5 48. Bc4 e4 49. Qd2 Ke5 50. Qxd5+ 1-0

[Event "*** Titled Tuesday Blitz"]
[Site "Chess.com"]
[Date "2021.02.16"]
[Round "11"]
[White "JoakimVonAnd"]
[Black "MaxLeto"]
[Result "1-0"]
[WhiteElo "2577"]
[BlackElo "2374"]
[TimeControl "180+1"]
[EndTime "12:10:45 PST"]
[Termination "JoakimVonAnd won by resignation"]

1. d4 d5 2. c4 e6 3. Nc3 Be7 4. e3 Nf6 5. Bd3 O-O 6. Nf3 c5 7. b3 Nc6 8. cxd5 Nxd5 9. Nxd5 Qxd5 10. dxc5 Rd8 11. Be2 Qxc5 12. Bd2 e5 13. Rc1 Qa3 14. O-O e4 15. Nd4 Nxd4 16. exd4 Rxd4 17. Qc2 Bf5 18. Be3 Rdd8 19. Bc4 Bg6 20. Rfd1 h6 21. h3 Rac8 22.
Rxd8+ Rxd8 23. Rd1 Rxd1+ 24. Qxd1 Qxa2 25. Qd7 Qa1+ 26. Kh2 Qe5+ 27. g3 a6 28. Qxb7 a5 29. Qa6 Qf6 30. Qxa5 Bd6 31. Qd2 h5 32. Bg5 Qf5 33. h4 Bc5 34. Be3 Be7 35. b4 Qg4 36. b5 Bf5 37. Bf1 Bxh4 38. gxh4 Qxh4+ 39. Kg1 Qg4+ 40. Bg2 h4 41. Qd8+ Kh7 42. Qg5 Qd1+ 43. Kh2 h3 44. Qxf5+ Kg8 45. Bxh3 Qd6+ 46. Qf4 Qb6 47. Bxb6 1-0

[Event "*** Titled Tuesday Blitz"]
[Site "Chess.com"]
[Date "2021.02.16"]
[Round "11"]
[White "1977Ivan"]
[Black "MITerryble"]
[Result "1-0"]
[WhiteElo "2770"]
[BlackElo "2914"]
[TimeControl "180+1"]
[EndTime "12:10:47 PST"]
[Termination "1977Ivan won on time"]

1. d4 e6 2. e4 d5 3. Nc3 Nf6 4. e5 Nfd7 5. f4 c5 6. Nf3 Nc6 7. Ne2 cxd4 8. Nexd4 Bc5 9. c3 O-O 10. Bd3 h6 11. Be3 a5 12. O-O Qb6 13. Qd2 a4 14. Kh1 Nxd4 15. Bxd4 Bxd4 16. cxd4 f5 17. Rac1 a3 18. b4 Nb8 19. b5 Bd7 20. Rc5 Qa5 21.
Rfc1 b6 22. Rc7 Bxb5 23. Bxb5 Qxb5 24. Qf2 Na6 25. Re7 Rae8 26. Ra7 Ra8 27. Rxa8 Rxa8 28.
h3 Nb4 29. Rc7 Na6 30. Re7 Re8 31. Ra7 Nb8 32. Qg3 Nd7 33. Qg6 Kf8 34. Kh2 Qc6 35. Nh4 Qc8 36. Nxf5 exf5 37. Qxf5+ Kg8 38. Rxd7 Rf8 39.
Qe6+ Kh8 40. Qe7 Rg8 41. f5 Qc1 42. Qh4 Qe3 43. f6 Qg5 44. Qxg5 hxg5 45. f7 1-0

[Event "*** Titled Tuesday Blitz"]
[Site "Chess.com"]
[Date "2021.02.16"]
[Round "11"]
[White "ChristopherYoo"]
[Black "Mr_Heisenberg13"]
[Result "1-0"]
[WhiteElo "2891"]
[BlackElo "2701"]
[TimeControl "180+1"]
[EndTime "12:10:47 PST"]
[Termination "ChristopherYoo won by resignation"]

1. d4 Nf6 2. Nf3 d5 3. c4 e6 4.
Nc3 Bb4 5. Qb3 c5 6. Bg5 h6 7.
Bxf6 Qxf6 8. cxd5 exd5 9. a3 Bxc3+ 10. Qxc3 c4 11. g3 O-O 12. Bg2 Nc6 13. O-O Re8 14. e3 Be6 15. Ne5 Nxe5 16. dxe5 Qe7 17. Rfd1 Red8 18.
Rd2 Qc5 19. Rad1 Rd7 20. h3 Rad8 21. f4 h5 22. Kh2 b5 23. Bf3 g6 24. g4 hxg4 25. hxg4 a5 26. b4 axb4 27. axb4 Qf8 28. Kg3 Qg7 29. Rh2 Kf8 30. Qd4 Rc7 31. Rdh1 Ke7 32.
Rh7 Qg8 33. Qb6 Kd7 34. Qxb5+ Kc8 35. Qa6+ Rb7 36. Rh8 Qxh8 37. Rxh8 Rxh8 38. Qa8+ Rb8 39. Qc6+ Kd8 40. f5 gxf5 41. gxf5 Bd7 42. Qf6+ Kc7 43. Qd6+ Kc8 44. e6 fxe6 45. fxe6 Rg8+ 46. Kf4 Bb5 47. e7 Rb7 48. Bxd5 Rd7 49. Qc5+ Rc7 50. Qxb5 Rxe7 51. Bxg8 1-0

[Event "*** Titled Tuesday Blitz"]
[Site "Chess.com"]
[Date "2021.02.16"]
[Round "11"]
[White "AntonovaNadezhda"]
[Black "Fortitudine"]
[Result "0-1"]
[WhiteElo "2172"]
[BlackElo "2338"]
[TimeControl "180+1"]
[EndTime "12:10:47 PST"]
[Termination "Fortitudine won on time"]

1. b3 e5 2. Bb2 d6 3. e3 Nf6 4. d4 exd4 5. exd4 g6 6. Be2 Bg7 7. Nf3 O-O 8. O-O Re8 9. c4 Bf5 10. Nc3 Ne4 11. Nxe4 Bxe4 12. Qd2 Nd7 13. Rfe1 Bf5 14.
Bd3 Bxd3 15. Qxd3 Nf6 16. d5 Qd7 17. h3 Rxe1+ 18. Rxe1 Re8 19. Re3 Rxe3 20. fxe3 Qe7 21. Nd2 Nd7 22. Bxg7 Kxg7 23. Qd4+ Qe5 24. Qxa7 Nc5 25. Nf1 Qb2 26. Qa5 Ne4 27. Qe1 Qxa2 28. Qd1 Qf2+ 29. Kh2 f6 30. Qb1 Ng5 31. Kh1 h5 32.
Qd1 Ne4 33. Kh2 h4 34. Qf3 f5 35. Qxf2 Nxf2 36. Nd2 g5 37. g3 hxg3+ 38. Kxg3 Nd3 39. e4 f4+ 40. Kg4 Kg6 41. h4 Ne5+ 42. Kh3 g4+ 43. Kg2 Kh5 44. b4 Kxh4 45. c5 f3+ 46. Kf2 Nd3+ 47.
Ke3 Nxb4 48. cxd6 cxd6 49. e5 dxe5 50. d6 Nc6 51. Ke4 Kg3 52. Ke3 Kg2 0-1

[Event "*** Titled Tuesday Blitz"]
[Site "Chess.com"]
[Date "2021.02.16"]
[Round "11"]
[White "Alex-11211"]
[Black "MasterMK73"]
[Result "0-1"]
[WhiteElo "2375"]
[BlackElo "2290"]
[TimeControl "180+1"]
[EndTime "12:10:50 PST"]
[Termination "MasterMK73 won by resignation"]

1. e4 c5 2. Nf3 a6 3. c3 d6 4. d4 Qc7 5. Bd3 g6 6. O-O Bg7 7.
Re1 Nd7 8. Bf4 e5 9. dxe5 dxe5 10. Be3 b5 11. a4 c4 12. Bc2 Bb7 13. axb5 axb5 14.
Rxa8+ Bxa8 15. Na3 Bc6 16. b3 cxb3 17. Bxb3 Ngf6 18.
Ng5 O-O 19. Qd3 Qa5 20. Nc2 h6 21. Nb4 Bb7 22. Nxf7 Rxf7 23. Qd6 Qd8 24. Rd1 Qe8 25. f3 Bf8 26. Qc7 Ba8 27. Nd5 Nxd5 28. exd5 Nc5 29. d6 Nxb3 30. d7 Qe7 31. Qc8 Bb7 32.
Qxb7 Nc5 33. Qc8 Nxd7 34. Qc6 Nf6 35. Qxb5 e4 36. f4 Ng4 37. Bd4 e3 38. h3 Nf6 39.
Re1 Qd7 40. Qxd7 Nxd7 41. Rxe3 Bc5 42. g3 Bxd4 43. cxd4 Kf8 44. Re4 Re7 45. Kf2 Rxe4 0-1

[Event "*** Titled Tuesday Blitz"]
[Site "Chess.com"]
[Date "2021.02.16"]
[Round "11"]
[White "PowerThinking2650"]
[Black "Titus369"]
[Result "1-0"]
[WhiteElo "2451"]
[BlackElo "2551"]
[TimeControl "180+1"]
[EndTime "12:10:51 PST"]
[Termination "PowerThinking2650 won by resignation"]

1. e4 c5 2. Nf3 d6 3. d4 cxd4 4.
Nxd4 Nf6 5. Nc3 a6 6. Bc4 e6 7.
O-O Nbd7 8. Bxe6 fxe6 9. Nxe6 Qb6 10. Be3 Nc5 11. Nxf8 Rxf8 12. e5 dxe5 13. Na4 Qc6 14. Bxc5 Qxa4 15. Bxf8 Kxf8 16. Qd6+ Kf7 17. Qxe5 Bd7 18.
Qc7 Qc6 19. Qxc6 Bxc6 20. Rad1 Re8 21. Rfe1 Be4 22. c4 Rc8 23. b3 Bc6 24. f3 h5 25. Kf2 Rh8 26. h4 Rc8 27. Rd4 Be8 28. Re5 Rc7 29. g4 hxg4 30. fxg4 Bd7 31. Kg3 Bxg4 32.
Rxg4 Nxg4 33. Kxg4 Kf6 34. Rf5+ Ke6 35. Rd5 Re7 36.
Rd2 Kf6 37. Rf2+ Kg6 38. h5+ Kh6 39. c5 Re4+ 40. Kf5 Rh4 41. Rc2 Rxh5+ 42. Ke6 g5 43.
Kd7 g4 44. Kc7 g3 45. Kxb7 Rh2 46. Rc3 g2 47. Rg3 Kh5 48. c6 Kh4 49. Rg8 g1=Q 50. Rxg1 Rxa2 51. c7 Rc2 52. c8=Q Rxc8 53. Kxc8 a5 54. Kd7 Kh3 55. Ke6 a4 56. bxa4 1-0

[Event "*** Titled Tuesday Blitz"]
[Site "Chess.com"]
[Date "2021.02.16"]
[Round "11"]
[White "Genghis_K"]
[Black "ChessQueen"]
[Result "1-0"]
[WhiteElo "2921"]
[BlackElo "2748"]
[TimeControl "180+1"]
[EndTime "12:10:52 PST"]
[Termination "Genghis_K won by resignation"]

1. e4 e5 2. Nf3 Nf6 3. Nc3 Nc6 4. d4 exd4 5. Nxd4 Bb4 6. Nxc6 bxc6 7. Bd3 O-O 8. O-O d5 9. Bd2 Rb8 10. Re1 Ng4 11.
h3 Ne5 12. Bf1 d4 13. Na4 c5 14. c3 dxc3 15. bxc3 Ba3 16. Be3 Qe7 17. f4 Nd7 18.
Bf2 Rd8 19. Qf3 Nb6 20. c4 Bb4 21. Nc3 c6 22. e5 f5 23. exf6 Qxf6 24. Ne4 Qf8 25.
Red1 Bf5 26. a3 Bxe4 27. Qxe4 Bc3 28. Rac1 Bd4 29. Bxd4 cxd4 30. c5 Nd5 31. Rxd4 Kh8 32. Bc4 Re8 33. Qf3 Qf6 34. Rd2 Nxf4 35. Rf1 Ne6 36.
Qxf6 gxf6 37. Rxf6 Nxc5 38. Rxc6 Ne4 39. Rd7 Rbc8 40.
Rxc8 Rxc8 41. Bd3 Nc5 42. Rxh7+ Kg8 43. Bf5 Rf8 44. Rh5 Rb8 45. Bh7+ Kg7 46. Rxc5 Kxh7 47. Rc7+ Kg6 48. Rxa7 1-0

[Event "*** Titled Tuesday Blitz"]
[Site "Chess.com"]
[Date "2021.02.16"]
[Round "11"]
[White "korbul"]
[Black "ljuks68"]
[Result "0-1"]
[WhiteElo "2572"]
[BlackElo "2431"]
[TimeControl "180+1"]
[EndTime "12:10:52 PST"]
[Termination "ljuks68 won by checkmate"]

1. d4 d5 2. Bf4 Nf6 3. e3 c5 4. c3 Nc6 5. Nd2 Bf5 6. Ngf3 e6 7. Qb3 Qb6 8. Qxb6 axb6 9. Bb5 Nd7 10. Ne5 Ndxe5 11.
Bxe5 Rc8 12. f3 f6 13. Bg3 Kf7 14. O-O Bg6 15. Nb3 Be7 16. Rfe1 Rhd8 17. Bf2 e5 18. Bg3 Bd6 19. Rf1 c4 20. Nd2 Bd3 21. Rf2 Na7 22. Ba4 b5 23. Bd1 b4 24. dxe5 bxc3 25. exd6 cxb2 26.
Rb1 c3 27. Bb3 Kf8 28. Bxd5 Bxb1 29. Nxb1 c2 30. Rxc2 Rxc2 31. Be4 Rc1+ 32. Kf2 Nb5 33. Bf4 Nc3 34. Nxc3 Rxc3 35. Bxh7 Rc1 36. g4 b1=Q 37. Bxb1 Rxb1 38. e4 Rb2+ 39. Ke3 Rxa2 40. e5 fxe5 41. Bxe5 b5 42. f4 b4 43. Kd3 b3 44. Kc3 b2 45.
Kc2 Rc8+ 46. Kb1 Rc1+ 47. Kxa2 b1=Q+ 48. Ka3 Rc2 49. d7 Ra2# 0-1

[Event "*** Titled Tuesday Blitz"]
[Site "Chess.com"]
[Date "2021.02.16"]
[Round "11"]
[White "DenishevM"]
[Black "The_Machine04"]
[Result "1-0"]
[WhiteElo "2594"]
[BlackElo "2455"]
[TimeControl "180+1"]
[EndTime "12:10:52 PST"]
[Termination "DenishevM won on time"]

1. e4 d6 2. d4 Nf6 3. Nc3 e5 4. Nf3 Nbd7 5. Bc4 Be7 6. O-O c6 7. a4 h6 8. b3 Qc7 9. Bb2 Nf8 10. Re1 Ng6 11. Bd3 O-O 12. Ne2 b6 13. Ng3 Rd8 14. Nf5 Bf8 15. g3 a6 16. Qe2 Bb7 17.
h4 b5 18. Rad1 Bc8 19. c4 bxa4 20. bxa4 Re8 21. c5 dxc5 22. dxe5 Nd7 23. Nd6 Bxd6 24. exd6 Qxd6 25. e5 Qe7 26. e6 Ndf8 27. exf7+ Kxf7 28. h5 Nh8 29. Bc4+ Be6 30. Ne5+ Kg8 31. Nxc6 Qg5 32. Qc2 Bxc4 33. Qxc4+ Nf7 34. Qc3 Rxe1+ 35. Rxe1 Rc8 36. Ne7+ Kh7 37. Nxc8 1-0

[Event "*** Titled Tuesday Blitz"]
[Site "Chess.com"]
[Date "2021.02.16"]
[Round "11"]
[White "GianmarcoVaR"]
[Black "Grandelicious"]
[Result "0-1"]
[WhiteElo "2677"]
[BlackElo "2885"]
[TimeControl "180+1"]
[EndTime "12:10:53 PST"]
[Termination "Grandelicious won on time"]

1. Nf3 d5 2. g3 Nd7 3. Bg2 e5 4. O-O Ngf6 5. d3 Bc5 6. Nc3 O-O 7. e4 dxe4 8. dxe4 c6 9. Qe2 a5 10. Nh4 Re8 11. Nf5 Nf8 12. Bg5 h6 13. Rad1 Bd7 14.
Be3 Bxe3 15. Qxe3 Qc7 16. Nd6 Red8 17. Qc5 Ne6 18. Qxe5 Ng4 19. Qh5 Ng5 20. Nf5 Bxf5 21. exf5 Nf6 22. Qe2 Re8 23. Qc4 Qe5 24. h4 Ngh7 25.
Bh3 Rad8 26. a4 Nf8 27. Rxd8 Rxd8 28. Rd1 Rxd1+ 29. Nxd1 N8d7 30. Ne3 Qxb2 31. Qb3 Qxb3 32. cxb3 Nc5 33. Nc4 Nxb3 34. Bg2 Nd7 35. Nd6 Ndc5 36. Bf1 Nd2 37. Bc4 Kf8 38. Ba2 Nxa4 39. Nxb7 Nc3 40. Bxf7 a4 41. Na5 Kxf7 42. Nxc6 a3 43. Nb4 Nd5 44. Na2 Ne4 45. Kg2 Nec3 46. Nc1 Kf6 47. g4 Ke5 48. Kg3 Ne2+ 49. Nxe2 a2 50. f4+ Ke4 0-1

[Event "*** Titled Tuesday Blitz"]
[Site "Chess.com"]
[Date "2021.02.16"]
[Round "11"]
[White "azikom"]
[Black "AlexTriapishko"]
[Result "0-1"]
[WhiteElo "2653"]
[BlackElo "2830"]
[TimeControl "180+1"]
[EndTime "12:10:53 PST"]
[Termination "AlexTriapishko won on time"]

1. d4 d6 2. Nf3 Nf6 3. g3 g6 4. Bg2 Bg7 5. O-O O-O 6. Nc3 Nbd7 7.
a4 a5 8. e4 e5 9. dxe5 dxe5 10. Re1 c6 11. b3 Qe7 12. Ba3 Nc5 13. Qe2 Rd8 14. Qe3 Bf8 15. Rad1 Bg4 16. h3 Bxf3 17.
Bxf3 b6 18. Be2 h5 19. Kg2 Kh7 20. Bc4 Qe8 21. Qf3 Kg7 22. Bb2 Ne6 23. Nd5 Nd7 24. Ne3 Nd4 25. Bxd4 exd4 26. Rxd4 Ne5 27. Qd1 Bb4 28. Re2 Bc3 29. Rxd8 Rxd8 30. Qf1 Rd2 31. Rxd2 Bxd2 32. Qe2 Bxe3 33. Qxe3 b5 34. Be2 bxa4 35. bxa4 Kg8 36. Qc3 Qe7 37. h4 Nd7 38. Qd4 Nc5 39. Bf3 Ne6 40. Qe5 Qb4 41. Qb8+ Qxb8 0-1

[Event "*** Titled Tuesday Blitz"]
[Site "Chess.com"]
[Date "2021.02.16"]
[Round "11"]
[White "marianokar"]
[Black "Pelopidass"]
[Result "0-1"]
[WhiteElo "2454"]
[BlackElo "2593"]
[TimeControl "180+1"]
[EndTime "12:10:53 PST"]
[Termination "Pelopidass won on time"]

1. e4 c5 2. Nf3 d6 3. Bc4 Nf6 4. d3 e6 5. Bb3 Be7 6. c3 Nc6 7. O-O d5 8. e5 Nd7 9. d4 b5 10. Be3 a5 11. a4 c4 12. Bc2 b4 13. Nbd2 bxc3 14. bxc3 Rb8 15. Rb1 Ba6 16. h4 h6 17.
g3 Ba3 18. Rxb8 Qxb8 19. Nh2 Qb2 20. Nb1 Be7 21. h5 Kd8 22. f4 Kc7 23. f5 Rf8 24. Rf2 Qa1 25. Qg4 Rb8 26. fxe6 fxe6 27. Qd1 Rb2 28.
Rf7 Qa2 29. Rf2 Bc8 30. Ng4 Nb6 31. Bf4 Bd7 32. Bg6 Rxf2 33. Nxf2 Nd8 34. Bc2 Nxa4 35.
Ng4 Nb2 36. Qf1 Ba4 37. Bxa4 Qxa4 38. Nxh6 gxh6 39. Bxh6 Qc2 40. Bf4 Nd3 41. h6 Nxf4 42.
gxf4 Qg6+ 43. Qg2 Qxh6 44. Qf3 Qg6+ 0-1

[Event "*** Titled Tuesday Blitz"]
[Site "Chess.com"]
[Date "2021.02.16"]
[Round "11"]
[White "bsnsun"]
[Black "Aradhya2000"]
[Result "0-1"]
[WhiteElo "2448"]
[BlackElo "2590"]
[TimeControl "180+1"]
[EndTime "12:10:53 PST"]
[Termination "Aradhya2000 won on time"]

1. d4 d5 2. c4 c6 3. Nf3 Nf6 4. g3 Bf5 5. Nc3 e6 6. Nh4 dxc4 7. Nxf5 exf5 8. e3 Nbd7 9. Bxc4 Nb6 10. Be2 h5 11. h4 g6 12. b3 Nbd5 13. Nxd5 Qa5+ 14.
Bd2 Qxd5 15. O-O Be7 16. Bf3 Ne4 17. Qe2 a5 18. Rfc1 Kd7 19. Be1 g5 20. hxg5 h4 21.
Qc4 hxg3 22. fxg3 Bxg5 23. Qxd5+ cxd5 24. Bf2 Rh3 25. Bxe4 fxe4 26. Kg2 Rah8 27. Bg1 b6 28. Rf1 f6 29. Rac1 R3h7 30. Rc2 Rc8 31. Rfc1 Rxc2+ 32. Rxc2 f5 33. g4 f4 34. exf4 Bxf4 35. Rf2 Bd6 36. Rf5 Ke6 37. Be3 Rh2+ 38. Kg1 Rxa2 39. Rh5 Rb2 40. Rh6+ Kd7 41. Rh7+ Ke8 42. Rh6 Rxb3 43. Rxd6 Rxe3 44. Rxb6 a4 45. Kf2 Rb3 46. Ra6 a3 47. g5 Kf7 48. Ke2 Rd3 49. Kf2 Kg7 0-1

[Event "*** Titled Tuesday Blitz"]
[Site "Chess.com"]
[Date "2021.02.16"]
[Round "11"]
[White "AsaHoffmann"]
[Black "MasterKroket"]
[Result "1/2-1/2"]
[WhiteElo "2377"]
[BlackElo "2512"]
[TimeControl "180+1"]
[EndTime "12:10:54 PST"]
[Termination "Game drawn by repetition"]

1. d4 Nf6 2. Bg5 e6 3. Nd2 c5 4. e3 Qb6 5. Nc4 Qc7 6. Bf4 d6 7. dxc5 Qxc5 8. Bxd6 Bxd6 9. Qxd6 Qxd6 10. Nxd6+ Ke7 11. Nxc8+ Rxc8 12. Bd3 Nc6 13. c3 a5 14. Nf3 a4 15. Ke2 Nd5 16. a3 h6 17. g3 f5 18. e4 fxe4 19. Bxe4 Nb6 20. Bd3 Rf8 21. Nh4 Rf6 22. f4 g5 23. Ng2 gxf4 24.
Nxf4 Ne5 25. Rhf1 Nxd3 26. Nxd3 Nc4 27. Rxf6 Kxf6 28. Rf1+ Ke7 29. Rf4 b5 30. Rh4 Rc8 31.
Rxh6 Nxb2 32. Nxb2 Rxc3 33. Nd3 Rxa3 34. Nf4 Ra2+ 35.
Kd3 b4 36. Rxe6+ Kf7 37. Rb6 b3 38. h4 Rb2 39. Kc3 Rc2+ 40. Kd3 Rc1 41. Ne2 Re1 42.
Nc3 Rg1 43. Ne2 a3 44. Nxg1 a2 45. Rxb3 a1=Q 46. Ne2 Qa6+ 47. Kd2 Qd6+ 48. Rd3 Qb4+ 49. Ke3 Qb6+ 50. Kf3 Qf6+ 51. Nf4 Qc6+ 52. Kg4 Qc8+ 53.
Kf3 Qc6+ 54. Rd5 Qc3+ 55. Ke4 Qc2+ 56. Kf3 Qc3+ 57. Kg4 Qc8+ 58. Rf5+ Kg7 59. h5 Qd7 60. Kg5 Qe7+ 61. Kg4 Qd7 62. Nh3 Qd1+ 63. Rf3 Qd7+ 64. Kh4 Qe7+ 65. Kg4 Qd7+ 66. Rf5 Qd1+ 67. Kf4 Qf1+ 68.
Kg4 Qd1+ 1/2-1/2

[Event "*** Titled Tuesday Blitz"]
[Site "Chess.com"]
[Date "2021.02.16"]
[Round "11"]
[White "maximnovik"]
[Black "BahadirOzen"]
[Result "0-1"]
[WhiteElo "2553"]
[BlackElo "2739"]
[TimeControl "180+1"]
[EndTime "12:10:55 PST"]
[Termination "BahadirOzen won by checkmate"]

1. d4 g6 2. g3 Bg7 3. Bg2 d6 4. e4 Nf6 5. Ne2 O-O 6. O-O e5 7. d5 c6 8. c4 a6 9. Nbc3 cxd5 10. cxd5 b5 11. h3 Nbd7 12. Be3 b4 13. Na4 a5 14.
b3 Ba6 15. Re1 Qb8 16. Rc1 Rc8 17. Qd2 Bb5 18. Nb2 Qb7 19. f3 Rxc1 20. Rxc1 Rc8 21.
Bf1 Ne8 22. Rxc8 Qxc8 23. Nc1 Bxf1 24. Kxf1 f5 25. Ncd3 Ndf6 26. Nf2 Nh5 27. g4 Nf4 28. Bxf4 exf4 29. Nc4 fxg4 30. hxg4 g5 31. Nxa5 Bc3 32. Qe2 Nf6 33. Nc4 Qc7 34. Qc2 Kg7 35. a4 h5 36.
gxh5 Nxh5 37. Ng4 Ng3+ 38. Kg2 Qc5 39. Qf2 Bd4 40. Qe1 Bc3 41. Qg1 Bd4 42. Qh2 Kf7 43.
Qh7+ Bg7 44. Qf5+ Kg8 45. Qe6+ Kh8 46. Qe8+ Kh7 47. Qf7 Qd4 48. e5 Qa1 49. Nf6+ Kh6 50.
Ng8+ Kh7 51. Nd2 Qh1+ 52. Kf2 Qh2+ 53. Ke1 Qe2# 0-1

[Event "*** Titled Tuesday Blitz"]
[Site "Chess.com"]
[Date "2021.02.16"]
[Round "11"]
[White "Kurkusha"]
[Black "onnoelgersma"]
[Result "0-1"]
[WhiteElo "2351"]
[BlackElo "2444"]
[TimeControl "180+1"]
[EndTime "12:10:56 PST"]
[Termination "onnoelgersma won by resignation"]

1. Nf3 Nf6 2. c4 e6 3. Nc3 d5 4. e3 c5 5. cxd5 exd5 6. Bb5+ Nc6 7. d4 Bd6 8. Ne5 Bd7 9. Nxd7 Qxd7 10. dxc5 Bxc5 11.
O-O O-O 12. b3 a6 13. Be2 Rad8 14. Bb2 d4 15. Na4 Ba7 16. exd4 Nxd4 17. Bf3 Rfe8 18. Rc1 Qd6 19. Bxd4 Bxd4 20. Bxb7 a5 21. Qf3 Qe5 22. g3 h5 23. Bc6 Re7 24. Kg2 Ng4 25. Nc3 Nf6 26. Nb5 Bb6 27. Rfd1 Rxd1 28. Rxd1 h4 29. Nd6 h3+ 30. Kxh3 Rc7 31. Kg2 Qc5 32. Be4 Rd7 33. Qf5 Rxd6 34. Qxc5 Bxc5 35. Rc1 Bb6 36. Rc8+ Rd8 37.
Rxd8+ Bxd8 38. Bc6 Kf8 39. Kf3 Ke7 40. Ke3 Kd6 41. Bb5 Bb6+ 42. Ke2 Ne4 43. Bc4 f6 44. f3 Nc3+ 45. Kd3 Nxa2 46. h4 Nb4+ 47. Ke2 Ke5 48. f4+ Kd4 49. h5 a4 50. Be6 a3 0-1

[Event "*** Titled Tuesday Blitz"]
[Site "Chess.com"]
[Date "2021.02.16"]
[Round "11"]
[White "AniJak"]
[Black "GelmanAlexander"]
[Result "1/2-1/2"]
[WhiteElo "2327"]
[BlackElo "2558"]
[TimeControl "180+1"]
[EndTime "12:10:57 PST"]
[Termination "Game drawn - insufficient material"]

1. e4 c5 2. Nc3 e6 3. g3 Nc6 4. Bg2 Nf6 5. d3 d6 6. Nge2 Be7 7. O-O O-O 8. h3 Bd7 9. g4 h6 10. Ng3 Rb8 11. f4 b5 12. f5 b4 13.
Nce2 Ne5 14. c3 bxc3 15. bxc3 Qa5 16. d4 Nc4 17. g5 hxg5 18. Bxg5 Rb2 19. Bc1 Rxa2 20.
Rxa2 Qxa2 21. fxe6 fxe6 22. Nf4 cxd4 23. cxd4 a5 24.
Ng6 Rf7 25. Nxe7+ Rxe7 26. Bg5 Rf7 27. Bxf6 Rxf6 28. Rxf6 gxf6 29. Qg4+ Kf8 30. Nh5 Ke7 31. Qg7+ Kd8 32. Nxf6 Nb6 33. e5 Qa1+ 34. Kh2 Qxd4 35. Qg8+ Kc7 36. Nxd7 Nxd7 37. Qxe6 Qxe5+ 38. Qxe5 dxe5 39. Bd5 Kd6 40. Ba2 a4 41. h4 Ke7 42. Kg3 Kf6 43.
Kf3 Nc5 44. Ke3 Kg6 45. Kd2 Kh5 46. Kc3 Kxh4 47. Kc4 Ne6 48. Kd5 Nf4+ 49. Kxe5 Nd3+ 50. Kd4 Nc1 51. Bc4 a3 52. Kc3 a2 53. Bxa2 1/2-1/2

[Event "*** Titled Tuesday Blitz"]
[Site "Chess.com"]
[Date "2021.02.16"]
[Round "11"]
[White "Skatchkov_V"]
[Black "AlexOstrovskiy"]
[Result "0-1"]
[WhiteElo "2561"]
[BlackElo "2756"]
[TimeControl "180+1"]
[EndTime "12:10:58 PST"]
[Termination "AlexOstrovskiy won by checkmate"]

1. d4 Nf6 2. c4 e5 3. dxe5 Ng4 4. g3 Bc5 5. Nh3 Nc6 6. Bg2 Ngxe5 7. O-O O-O 8. Nc3 d6 9. b3 a5 10. Bb2 Re8 11. Nf4 Ng6 12. Nfd5 Bg4 13. Qd2 Nce5 14.
Rad1 c6 15. Nf4 Nxf4 16. Qxf4 Qc8 17. Na4 Ng6 18. Qg5 f6 19. Qc1 Bxe2 20. Nxc5 dxc5 21.
h4 Bxf1 22. Rxf1 Qf5 23. Qc3 a4 24. b4 Rad8 25. b5 cxb5 26. cxb5 b6 27. Qc4+ Kh8 28.
Qxa4 Ne5 29. Qa7 Nf3+ 30. Kh1 Nd2 31. Rd1 Qxf2 32. Qxb6 Qxg3 33. Qc6 Qxh4+ 34. Kg1 Qf4 35. b6 Qe3+ 36. Kh2 Nf3+ 37. Qxf3 Qh6+ 38. Kg1 Rxd1+ 39.
Qxd1 Qe3+ 40. Kf1 Qf4+ 41. Qf3 Qd2 42. Bc3 Re1# 0-1

[Event "*** Titled Tuesday Blitz"]
[Site "Chess.com"]
[Date "2021.02.16"]
[Round "11"]
[White "Godzillator"]
[Black "crazy_but_lazy"]
[Result "0-1"]
[WhiteElo "2301"]
[BlackElo "2503"]
[TimeControl "180+1"]
[EndTime "12:10:59 PST"]
[Termination "crazy_but_lazy won on time"]

1. d4 d5 2. c4 e5 3. dxe5 Ne7 4. cxd5 Qxd5 5. Qxd5 Nxd5 6. a3 Nc6 7. Nf3 Bg4 8. e4 Nb6 9. Bb5 O-O-O 10. Bxc6 bxc6 11. Nbd2 Be7 12. h3 Be6 13. b3 Rd3 14. Rb1 Rhd8 15. O-O c5 16. a4 c4 17. Nxc4 Nxc4 18. bxc4 Bxc4 19. Re1 a5 20. Bg5 f6 21. exf6 gxf6 22. Ne5 fxg5 23. Nxc4 Bb4 24. Re2 R8d4 25. Nb2 Rb3 26.
Rf1 Ba3 27. Nd1 Rxa4 28. e5 Be7 29. Ne3 Re4 30. Ra2 a4 31. Nd5 Bc5 32. Rc2 Rb5 33. Nc3 Rc4 34. Nxb5 Rxc2 35. e6 a3 36. Ra1 Rxf2 37.
Kh1 Re2 38. Nxa3 Rxe6 39. Nc4 Re4 40. Rc1 Kd7 41. g4 Re2 42. Rd1+ Kc6 43. Nd2 Bd6 44. Ne4 Rh2+ 45. Kg1 Rxh3 46. Rc1+ Kd7 0-1